 Dungeon Crawl Stone Soup version 0.16-a0-3884-g0a5f664 (console) character file.

3101 Monkaria the Cleaver (level 9, -2/74 HPs)
             Began as a Hill Orc Fighter on Feb 2, 2015.
             Slain by a gnoll
             ... wielding a +0 halberd
              (11 damage)
             ... on level 8 of the Dungeon.
             The game lasted 00:14:26 (8275 turns).

Monkaria the Cleaver (Hill Orc Fighter)             Turns: 8275, Time: 00:14:26

Health: -2/74      AC:  8    Str: 27    XL:     9   Next: 90%
Magic:  9/9        EV:  7    Int:  8    God:
Gold:   354        SH: 10    Dex: 10    Spells: 0 memorised, 8 levels left

rFire  . . .     SeeInvis .     a - +0 war axe
rCold  + . .     Clarity  .     b - +0 scale mail
rNeg   . . .     SustAb   .     c - +0 shield
rPois  .         Gourm    .     (no helmet)
rElec  .         Spirit   .     (no cloak)
rCorr  .         Warding  .     (no gloves)
rMut   .         Stasis   .     (no boots)
MR     .....                    (no amulet)
Stlth  ..........               G - +5 ring of strength
                                p - ring of protection from cold

@: not resistant to hostile enchantments, extremely unstealthy
A: MP-powered wands 1
a: no special abilities


You were on level 8 of the Dungeon.
You were not hungry.

You visited 2 branches of the dungeon, and saw 9 of its levels.

You collected 354 gold pieces.

Inventory:

Hand weapons
 a - a +0 war axe (weapon)
 D - the +9 trident "Pejaix Daat" {pierce, rC- Int+4 Dex+3}
   (You found it on level 6 of the Dungeon)

   It inflicts extra damage upon your enemies.
   It affects your intelligence (+4).
   It affects your dexterity (+3).
   It makes you vulnerable to cold.
Missiles
 H - 4 throwing nets (quivered)
 I - 8 poisoned needles
Armour
 b - a +0 scale mail (worn)
 c - a +0 shield (worn)
Rods
 z - a +0 rod of the swarm (11/11)
   (You found it on level 4 of the Dungeon)
Jewellery
 j - an uncursed amulet of stasis
 p - a ring of protection from cold (left hand)
 x - an uncursed ring of positive energy
 G - a +5 ring of strength (right hand)
Magical devices
 h - a wand of digging (7)
 v - a wand of disintegration (14)
 w - a wand of magic darts (21)
 F - a wand of fire (4)
 J - a wand of hasting (4)
Scrolls
 f - a scroll of identify
 i - 2 scrolls of enchant weapon {unknown}
 m - 2 scrolls of random uselessness {unknown}
 q - a scroll of magic mapping
 s - 3 scrolls of enchant armour {unknown}
 t - a scroll of immolation {unknown}
 y - 3 scrolls of teleportation {unknown}
 E - a scroll of torment {unknown}
Potions
 e - a potion of might
 k - a potion of lignification
 l - a potion of flight
 n - a potion of resistance
 o - 6 potions of curing
 r - a potion of haste
 u - 4 potions of brilliance
Comestibles
 d - 10 meat rations
 g - 13 bread rations
 B - 8 beef jerkies
 C - a royal jelly


   Skills:
 - Level 5.0 Fighting
 - Level 13.0 Axes
 + Level 9.7 Armour
 - Level 3.2 Shields


You had 8 spell levels left.
You didn't know any spells.

Dungeon Overview and Level Annotations

Branches:
Dungeon (8/15)             Temple (1/1) D:6
   Lair: D:8-11

Altars:
Ashenzari
Dithmenos
Kikubaaqudgha
Nemelex Xobeh
Okawaru
Qazlal
Ru
Sif Muna
Trog
Xom
Yredelemnul
Zin
The Shining One

Shops:
D:4 *


Innate Abilities, Weirdness & Mutations

You expend magic power (3 MP) to slightly strengthen your wands.


Message History

* * * LOW HITPOINT WARNING * * *
Something shocks you.
* * * LOW HITPOINT WARNING * * *
You closely miss something. You block the gnoll's attack.
A sky beast appears from thin air!
Reactivating autopickup.
The sky beast hits you but does no damage.
You enter the shallow water.
Moving in this stuff is going to be slow.
You block the sky beast's attack. x2
The gnoll hits you but does no damage.
You see here an orc corpse.
The gnoll hits you from afar with a halberd.
* * * LOW HITPOINT WARNING * * *
The sky beast flickers out of sight!
Deactivating autopickup; reactivate with Ctrl-A.
There is a stone staircase leading up here.
The orc shouts noisily.
The gnoll hits you from afar with a halberd!
You die...

#..........##.....#
#..........#......#
.....................
#.........g..^......##
.....................#
###.....>...####...#.#
.##.........g# #......
............o.# #####
.###....).(@##
###.....## #######


You could see 2 gnolls and an orc.

Vanquished Creatures
  Pikel (D:4)
  2 orc warriors
  A slave (D:4)
  A black bear (D:7)
  An ice beast (D:7)
  A sky beast (D:5)
  2 phantoms
  An ogre (D:7)
  2 centaurs
  Sigmund (D:3)
  3 giant frogs
  4 scorpions
  2 centaur zombies
  A crimson imp (D:5)
  3 hounds
  2 giant frog zombies (D:6)
  2 jellies
  3 orc wizards
  A giant frog skeleton (D:5)
  7 orc priests
  An iguana (D:5)
  7 worker ants
  A hound zombie (D:6)
  Terence (D:2)
  A worker ant zombie (D:5)
  2 adders
  15 gnolls
  2 giant mites
  A shadow imp (D:5)
  2 worms
  3 adder skeletons
  2 oozes
  30 orcs
  A bat skeleton (D:4)
  A bat zombie (D:6)
  4 giant cockroaches
  9 goblins
  13 hobgoblins
  22 jackals
  2 quokkas
  2 ball pythons (D:1)
  9 bats
  8 giant geckos
  A giant gecko skeleton (D:6)
  4 giant newts
  A jackal skeleton (D:4)
  10 kobolds
  11 rats
207 creatures vanquished.

Vanquished Creatures (collateral kills)
  Grinder (D:5)
  An orc warrior (D:6)
  An ogre (D:6)
  A goliath beetle (D:6)
  An adder (D:6)
  2 jackals (D:5)
7 creatures vanquished.

Vanquished Creatures (others)
  A worker ant (D:6)
  A bat (D:3)
2 creatures vanquished.

Grand Total: 216 creatures vanquished

Notes
Turn   | Place    | Note
--------------------------------------------------------------
     0 | D:1      | Monkaria, the Hill Orc Fighter, began the quest for the Orb.
     0 | D:1      | Reached XP level 1. HP: 19/19 MP: 1/1
   192 | D:1      | Reached XP level 2. HP: 21/27 MP: 2/2
   673 | D:1      | Reached skill level 4 in Fighting
   973 | D:2      | Reached XP level 3. HP: 25/33 MP: 3/3
  1252 | D:2      | Noticed Terence
  1266 | D:2      | Killed Terence
  1279 | D:2      | Reached XP level 4. HP: 26/41 MP: 4/4
  1890 | D:3      | Noticed a centaur
  1902 | D:3      | Killed a centaur
  1902 | D:3      | Reached skill level 5 in Fighting
  1902 | D:3      | Reached skill level 5 in Axes
  1902 | D:3      | Reached XP level 5. HP: 13/48 MP: 5/5
  2037 | D:3      | Reached skill level 6 in Axes
  2169 | D:3      | Noticed Sigmund
  2180 | D:3      | Killed Sigmund
  2180 | D:3      | Reached skill level 7 in Axes
  2180 | D:3      | Reached XP level 6. HP: 33/56 MP: 6/6
  2366 | D:3      | Found a stormy altar of Qazlal.
  2617 | D:3      | Found an iron altar of Okawaru.
  2617 | D:3      | Found a bloodstained altar of Trog.
  2859 | D:4      | Reached skill level 8 in Axes
  3031 | D:4      | Found a shimmering altar of Xom.
  3097 | D:4      | Identified a +0 rod of the swarm (11/11) (You found it on level 4 of the Dungeon)
  3287 | D:4      | Found Zin's Purification Station.
  3292 | D:4      | Found a glowing silver altar of Zin.
  3367 | D:4      | Found a glowing golden altar of the Shining One.
  3599 | D:5      | Entered Level 5 of the Dungeon
  3887 | D:5      | Reached XP level 7. HP: 61/61 MP: 7/7
  3898 | D:5      | Reached skill level 9 in Axes
  3958 | D:5      | Gained mutation: You expend magic power (3 MP) to slightly strengthen your wands. [mutagenic meat]
  4280 | D:5      | Reached skill level 10 in Axes
  4302 | D:5      | Noticed Grinder
  4307 | D:5      | Paralysed by Grinder for 2 turns
  4323 | D:5      | Killed Grinder
  4373 | D:5      | Reached XP level 8. HP: 40/68 MP: 8/8
  4452 | D:5      | Reached skill level 11 in Axes
  4660 | D:5      | Noticed Pikel
  4822 | D:4      | Killed Pikel
  4822 | D:4      | Reached skill level 12 in Axes
  5167 | D:5      | Reached skill level 13 in Axes
  5266 | D:6      | Reached XP level 9. HP: 44/74 MP: 9/9
  5275 | D:6      | Reached skill level 5 in Armour
  5304 | D:6      | Found a basalt altar of Yredelemnul.
  5563 | D:6      | Found a staircase to the Ecumenical Temple.
  5631 | Temple   | Entered the Ecumenical Temple
  6216 | D:6      | Got a smoking trident
  6220 | D:6      | Identified the +9 trident "Pejaix Daat" {pierce, rC- Int+4 Dex+3} (You found it on level 6 of the Dungeon)
  8275 | D:8      | Slain by a gnoll

Action                   |  1- 3 |  4- 6 |  7- 9 || total
-------------------------+-------+-------+-------++-------
Melee: War axe           |   107 |   156 |   528 ||   791
Evoke: Rod               |       |       |     8 ||     8
  Use: Potion            |     1 |       |     3 ||     4
       Scroll            |       |     7 |     4 ||    11
 Stab: Distracted        |       |       |     1 ||     1
  Eat: Chunk             |       |     8 |    19 ||    27
       Pizza             |       |     1 |       ||     1
